 Dungeon Crawl Stone Soup version 0.31-a0-188-g5e087ee2ca (webtiles) character file.

Game seed: 11842567037332436322

798 qw the Skirmisher (level 7, 0/40 HPs)
             Began as a Deep Elf Hunter on June 23, 2023.
             Was an Initiate of Okawaru.
             Slain by Pikel
             ... wielding a +0 whip of flaming
              (1 damage)
             ... on level 5 of the Dungeon.
             The game lasted 00:01:34 (4870 turns).

qw the Skirmisher (Deep Elf Hunter)                 Turns: 4870, Time: 00:01:35

Health: 0/40       AC: 13    Str: 13    XL:     7   Next: 58%
Magic:  9/9        EV: 10    Int: 14    God:    Okawaru [......]
Gold:   250        SH:  0    Dex: 18    Spells: 6/6 levels left

rFire   . . .        f - +0 longbow
rCold   . . .        (shield currently unavailable)
rNeg    . . .        c - +2 scale mail "Rolisk" {rPois Str+3}
rPois   +            i - +0 helmet
rElec   .            g - +0 cloak
rCorr   .            l - +2 pair of gloves
SInv    .            (no boots)
Will    .....        m - amulet of faith
Stlth   +            (no ring)
HPRegen 0.26/turn    (no ring)
MPRegen 0.11/turn

%: faith
@: no status effects
A: no striking features
a: Renounce Religion


You were on level 5 of the Dungeon.
You worshipped Okawaru.
Okawaru was noncommittal.
You visited 2 branches of the dungeon, and saw 7 of its levels.

You collected 299 gold pieces.
You spent 49 gold pieces at shops.


   Skills:
 - Level 2.0 Fighting
 + Level 11.3 Ranged Weapons
 - Level 1.7 Armour
 - Level 3.6 Dodging
 - Level 1.2 Stealth


You had 6 spell levels left.
You didn't know any spells.
Your spell library was empty.

Inventory:

Hand Weapons
 f - a +0 longbow (weapon)
Armour
 c - the +2 scale mail "Rolisk" (worn) {rPois Str+3}
   (You found it on level 4 of the Dungeon)

   Str:       It affects your strength (+3).
   rPois:     It protects you from poison.
 g - a +0 cloak (worn)
 i - a +0 helmet (worn)
 l - a +2 pair of gloves (worn)
Jewellery
 m - an amulet of faith (around neck)
Scrolls
 e - a scroll of identify
Potions
 a - a potion of might
 d - a potion of curing
 j - a potion of berserk rage {unknown}
 k - a potion of brilliance {unknown}
 n - a potion of enlightenment {unknown}

Dungeon Overview and Level Annotations

Branches:
Dungeon (6/15)             Temple (1/1) D:5

Altars:
Ashenzari
Cheibriados
Dithmenos
Elyvilon
Fedhas
Gozag
Hepliaklqana
Nemelex Xobeh
Okawaru
Qazlal
Sif Muna
Trog
Uskayaw
Vehumet
Wu Jian
Xom
Yredelemnul
Zin

Shops:
D:3 [=*

Annotations:
D:5 Pikel


Message History

The orc hits you but does no damage. The lemure barely misses you.
You shoot an arrow. The arrow barely misses Pikel.
The lemure barely misses you. Pikel hits you but does no damage.
The orc closely misses you.
You shoot an arrow. The arrow closely misses Pikel.
The lemure hits you. The orc hits you but does no damage.
Pikel hits you but does no damage.
You shoot an arrow. The arrow hits Pikel.
Pikel is lightly wounded.
The lemure misses you. The orc hits you but does no damage.
Pikel hits you but does no damage. The orc hits you but does no damage.
Pikel hits you with a +0 whip of flaming.
Pikel burns you. The lemure hits you but does no damage.
You shoot an arrow. The arrow hits Pikel!!
Pikel is heavily wounded.
The lemure hits you but does no damage. The orc hits you but does no damage.
Pikel hits you but does no damage.
You shoot an arrow. The arrow closely misses Pikel.
The lemure hits you but does no damage. The orc hits you with a +0 club.
Pikel barely misses you.
You shoot an arrow. The arrow barely misses Pikel.
The lemure closely misses you. The orc hits you with a +0 club.
Pikel misses you. The orc hits you with a +0 club.
Pikel hits you but does no damage. The lemure hits you but does no damage.
You shoot an arrow.
The arrow hits Pikel but does no damage.
Pikel is heavily wounded.
The lemure hits you but does no damage. The orc hits you but does no damage.
Pikel closely misses you.
You shoot an arrow. The arrow hits Pikel!
Pikel is almost dead.
The lemure closely misses you. The orc closely misses you.
Pikel hits you but does no damage. x2; The orc barely misses you.
The lemure hits you.
You shoot an arrow. The arrow hits Pikel.
Pikel is almost dead.
The lemure closely misses you.
Pikel hits you with a +0 whip of flaming.
Pikel burns you.
You die...

#..# ###....##....##........#.
..## ###.##....#.#............##
..#####...##....#.#....#.........
####.##....#...........#......)..
####...............##............
.............##..####............
.....####........#.##.)..........
.#...###.........K.............##
##...#........#.@.......#....>..#
##............#5o........#.##..##
#................#.......#.#.....
...##...........###.............#
...##............#.....##.......#
..###..................##...)....
.###....................#........
.####................#...........
..###...............##...........


You could see Pikel, a lemure and an orc.

Vanquished Creatures
  3 lemures (D:5)
  A phantom (D:5)
  A bullfrog (D:4)
  5 scorpions
  A jelly (D:5)
  An orc priest (D:5)
  3 hounds (D:4)
  An iguana (D:4)
  Terence (D:3)
  7 adders
  2 worms
  A dart slug (D:4)
  3 orcs
  4 ball pythons
  8 endoplasms
  13 giant cockroaches
  6 goblins
  4 hobgoblins
  6 quokkas
  4 bats
  3 frilled lizards
  10 kobolds
  8 rats
96 creatures vanquished.

Notes
Turn   | Place    | Note
-------+----------+-------------------------------------------
     0 | D:1      | qw the Deep Elf Hunter began the quest for the Orb.
     0 | D:1      | Reached XP level 1. HP: 12/12 MP: 3/3
     0 | D:1      | 0 ||| qw: Version: 0.3-a-9-g12657ce
     0 | D:1      | 0 ||| qw: Game counter: 4130
     0 | D:1      | 0 ||| qw: Always use a shield: true
     0 | D:1      | 0 ||| qw: God list: Okawaru
     0 | D:1      | 0 ||| qw: Allow faded altars: false
     0 | D:1      | 0 ||| qw: Do Orc after D:15 true
     0 | D:1      | 0 ||| qw: Do second Lair branch before Depths: true
     0 | D:1      | 0 ||| qw: Lair rune preference: random
     0 | D:1      | 0 ||| qw: Plans: Normal
     0 | D:1      | 0 ||| PLANNING D:1-11
   290 | D:1      | Reached XP level 2. HP: 16/16 MP: 4/4
   296 | D:1      | Reached skill level 6 in Ranged Weapons
  1058 | D:1      | 1058 ||| UPGRADING to +0 ring mail.
  1068 | D:1      | 1068 ||| DROPPING +0 leather armour.
  1069 | D:1      | 1069 ||| UPGRADING to +0 helmet.
  1074 | D:1      | 1074 ||| READING scroll labelled HEOFAE SOMO.
  1075 | D:1      | 1075 ||| READING 2 scrolls labelled YNYTSY EMASA.
  1076 | D:1      | 1076 ||| READING scroll labelled YNYXOU NEORCHO.
  1077 | D:1      | 1077 ||| DROPPING scroll of butterflies.
  1079 | D:1      | 1079 ||| Stepping ~*~*~tactically~*~*~ (cloud).
  1086 | D:1      | HP: 4/16 [poisoned by you (poison gas)]
  1200 | D:2      | Reached XP level 3. HP: 20/20 MP: 5/5
  1240 | D:2      | Reached skill level 7 in Ranged Weapons
  1390 | D:2      | Reached XP level 4. HP: 25/25 MP: 6/6
  1575 | D:2      | You fall into a shaft and drop 1 floor!
  1575 | D:3      | Found Xifac's Armour Emporium.
  1576 | D:3      | 1576 ||| READING scroll labelled OLI LOLOUSUGAUG.
  1577 | D:3      | 1577 ||| READING scroll labelled HEAN BORRYFF.
  1578 | D:3      | 1578 ||| DRINKING 2 murky blue potions.
  1613 | D:2      | 1613 ||| READING scroll of enchant weapon.
  1613 | D:2      | 1613 ||| ENCHANTING +1 shortbow.
  1842 | D:3      | 1842 ||| BUYING +0 cloak (49 gold).
  1842 | D:3      | Bought a +0 cloak for 49 gold pieces
  1842 | D:3      | 1842 ||| SHOPLISTING +2 cloak of poison resistance (203
                  | gold, have 23).
  1842 | D:3      | 1842 ||| SHOPLISTING +2 helmet of intelligence (236 gold,
                  | have 23).
  1870 | D:3      | Found Fetzin's General Store.
  1882 | D:3      | 1882 ||| SHOPLISTING +0 ring mail of cold resistance (143
                  | gold, have 23).
  1882 | D:3      | 1882 ||| SHOPLISTING +6 ring of strength (468 gold, have
                  | 23).
  1882 | D:3      | 1882 ||| SHOPLISTING potion of might (52 gold, have 23).
  1882 | D:3      | 1882 ||| SHOPLISTING ring of protection from cold (325
                  | gold, have 23).
  1882 | D:3      | 1882 ||| SHOPLISTING scroll of identify (26 gold, have 23).
  1882 | D:3      | 1882 ||| SHOPLISTING scroll of teleportation (39 gold, have
                  | 23).
  2153 | D:3      | Found Matidim's Jewellery Emporium.
  2159 | D:3      | 2159 ||| SHOPLISTING +5 ring of evasion (432 gold, have
                  | 49).
  2159 | D:3      | 2159 ||| SHOPLISTING +6 ring of dexterity (432 gold, have
                  | 49).
  2159 | D:3      | 2159 ||| SHOPLISTING amulet "Nimadiost" {Spirit rPois rC+}
                  | (578 gold, have 49).
  2159 | D:3      | 2159 ||| SHOPLISTING amulet of faith (480 gold, have 49).
  2159 | D:3      | 2159 ||| SHOPLISTING ring "Laboph" {+Blink rElec EV+5} (684
                  | gold, have 49).
  2159 | D:3      | 2159 ||| SHOPLISTING ring of willpower (300 gold, have 49).
  2209 | D:3      | Noticed Terence
  2220 | D:3      | Killed Terence
  2221 | D:3      | Reached skill level 8 in Ranged Weapons
  2473 | D:3      | Found a shadowy altar of Dithmenos.
  2675 | D:3      | 2675 ||| UPGRADING to +0 cloak.
  2680 | D:3      | 2680 ||| UPGRADING to +0 pair of gloves.
  2685 | D:3      | 2685 ||| READING scroll labelled XAGEWE FETTOCW.
  2686 | D:3      | 2686 ||| READING scroll labelled RAUKHL ESACO.
  2883 | D:4      | Found a hazy altar of Hepliaklqana.
  2990 | D:4      | Identified the +2 scale mail "Rolisk" {rPois Str+3}
  3043 | D:4      | Noticed a scorpion
  3051 | D:4      | Killed a scorpion
  3052 | D:4      | Reached skill level 1 in Armour
  3052 | D:4      | Reached XP level 5. HP: 29/29 MP: 7/7
  3199 | D:4      | Reached skill level 9 in Ranged Weapons
  3269 | D:4      | Reached XP level 6. HP: 30/35 MP: 8/8
  3595 | D:4      | 3595 ||| UPGRADING to +2 scale mail "Rolisk" {rPois Str+3}.
  3605 | D:4      | 3605 ||| DROPPING +0 ring mail.
  3606 | D:4      | 3606 ||| READING 3 scrolls of identify.
  3606 | D:4      | 3606 ||| IDENTIFYING glowing yellow potion
  3607 | D:4      | 3607 ||| READING 2 scrolls of identify.
  3607 | D:4      | 3607 ||| IDENTIFYING fuming grey potion
  3642 | D:5      | Entered Level 5 of the Dungeon
  3645 | D:5      | 3645 ||| STAIRDANCE
  3673 | D:5      | 3673 ||| STAIRDANCE
  3688 | D:4      | HP: 6/35 [scorpion (4)]
  3689 | D:4      | 3689 ||| DRINKING 3 potions of heal wounds.
  3716 | D:5      | 3716 ||| STAIRDANCE
  3723 | D:4      | Reached skill level 10 in Ranged Weapons
  3803 | D:5      | 3803 ||| STAIRDANCE
  3809 | D:4      | Reached skill level 3 in Dodging
  3809 | D:4      | Reached XP level 7. HP: 24/40 MP: 9/9
  4059 | D:5      | Found a blossoming altar of Fedhas.
  4143 | D:5      | Found a staircase to the Ecumenical Temple.
  4144 | D:5      | 4144 ||| PLANNING TEMPLE
  4144 | D:5      | 4144 ||| UPGRADING to amulet of faith.
  4149 | D:5      | 4149 ||| READING 2 scrolls of identify.
  4149 | D:5      | 4149 ||| IDENTIFYING red potion
  4150 | D:5      | 4150 ||| DROPPING potion of ambrosia.
  4158 | Temple   | Entered the Ecumenical Temple
  4212 | Temple   | 4212 ||| PLANNING OKAWARU WORSHIP
  4282 | Temple   | Became a worshipper of Warmaster Okawaru
  4283 | Temple   | 4283 ||| PLANNING D:1-11
  4303 | D:5      | 4303 ||| SWAPPING to +0 longbow.
  4304 | D:5      | 4304 ||| DROPPING +2 shortbow.
  4305 | D:5      | 4305 ||| READING scroll of enchant armour.
  4305 | D:5      | 4305 ||| ENCHANTING +0 pair of gloves.
  4339 | D:5      | Found a stormy altar of Qazlal.
  4401 | D:5      | 4401 ||| READING scroll of enchant armour.
  4401 | D:5      | 4401 ||| ENCHANTING +1 pair of gloves.
  4544 | D:5      | 4544 ||| READING 2 scrolls of identify.
  4544 | D:5      | 4544 ||| IDENTIFYING murky white potion
  4545 | D:5      | 4545 ||| DROPPING potion of lignification.
  4588 | D:6      | 4588 ||| STAIRDANCE
  4665 | D:6      | Noticed Pikel
  4666 | D:6      | 4666 ||| STAIRDANCE
  4668 | D:5      | HP: 10/40 [lemure[Pikel] (5)]
  4669 | D:5      | 4669 ||| DRINKING 3 potions of heal wounds.
  4681 | D:5      | HP: 8/40 [orc/+0 war axe of flaming (5)]
  4682 | D:5      | Reached skill level 11 in Ranged Weapons
  4682 | D:5      | 4682 ||| DRINKING 2 potions of heal wounds.
  4687 | D:5      | HP: 7/40 [orc/+0 war axe of flaming (7)]
  4688 | D:5      | 4688 ||| DRINKING potion of heal wounds.
  4816 | D:6      | 4816 ||| STAIRDANCE
  4857 | D:6      | 4857 ||| STAIRDANCE
  4866 | D:5      | HP: 9/40 [orc/+0 club (3)]
  4867 | D:5      | HP: 4/40 [orc/+0 club (3)]
  4870 | D:5      | HP: 1/40 [Pikel/+0 whip of flaming (3)]
  4870 | D:5      | Slain by Pikel

Levels and vault maps discovered:
D:1:      scummos_arrival_hexagon, layout_loops_ring, serial_co_window_serial,
          co_window_corner_a, co_window_paths_b, co_window_paths_a,
          co_window_paths_b, co_window_paths_b, co_window_corner_a,
          co_window_cross_1, co_window_of_opportunity_a, co_window_paths_b,
          co_window_of_opportunity_b, co_window_2corner, co_window_corner_b,
          co_window_4corner_a, glass_columns_b, minmay_pentomino_s4
D:2:      minmay_roachtagon, layout_loops_ring
D:3:      layout_basic, grunt_dithmenos_smoke, serial_shops, shop, shop,
          nicolae_diamond_shop, uniq_terence
D:4:      layout_basic, lemuel_doored_altar
D:5:      cheibrodos_iron_armory, layout_cave_pools, old_standard_altar,
          mainiacjoe_overflow_small_starburst, minmay_temple_entry_butterflies
D:6:      layout_loops_ring, uniq_pikel
Temple:   nicolae_temple_two_arcs

Skill      XL: |  1  2  3  4  5  6  7 |
---------------+----------------------+-----
Ranged Weapons | 6 7 8 9 10 11 | 11.3
Armour         | 1 |  1.7
Fighting       | 2 |  2.0
Dodging        | 3 |  3.6
Stealth        | |  1.2

Action                     |  1- 3 |  4- 6 |  7- 9 || total
---------------------------+-------+-------+-------++-------
   Fire: Shortbow          |   107 |   138 |    23 ||   268
         Longbow           |       |       |    64 ||    64
    Use: Scroll            |     3 |     7 |     4 ||    14
         Potion            |       |     2 |     3 ||     5
 Armour: Ring mail         |    10 |    14 |       ||    24
         Scale mail        |       |    47 |    73 ||   120
  Dodge: Dodged            |    27 |    50 |    69 ||   146

Table legend:
 A = Non-vault XP
 B = Vault XP
 C = Vault XP percentage of total XP
 D = Non-vault monster count
 E = Vault monster count
 F = Vault count percentage of total count
                 A         B        C        D         E       F
            +---------+---------+-------+---------+---------+-------
      Total |    1076 |      64 |   5.6 |      78 |      15 |  16.1
            +---------+---------+-------+---------+---------+-------
        D:1 |      19 |       6 |  24.0 |      15 |       3 |  16.7
        D:2 |      66 |      22 |  25.0 |      19 |      11 |  36.7
        D:3 |      25 |      36 |  59.0 |      13 |       1 |   7.1
        D:4 |     641 |       0 |   0.0 |      21 |       0 |   0.0
        D:5 |     325 |       0 |   0.0 |      10 |       0 |   0.0
            +---------+---------+-------+---------+---------+-------
